 Dungeon Crawl Stone Soup version 0.28.0-53-g5a82cb258f (webtiles) character file.

Game seed: 11773162344623830741

65 Warren the Firebug (level 3, 0/27 HPs)
             Began as a Draconian Fire Elementalist on June 21, 2022.
             Was an Initiate of Ashenzari.
             Slain by a black bear (4 damage)
             ... on level 3 of the Dungeon.
             The game lasted 00:10:35 (1891 turns).

Warren the Firebug (Draconian Fire Elementalist)    Turns: 1891, Time: 00:10:36

Health: 0/27       AC:  5    Str: 12    XL:     3   Next: 92%
Magic:  1/6        EV: 12    Int: 15    God:    Ashenzari [......]
Gold:   82         SH:  0    Dex: 11    Spells: 1/7 levels left

rFire   + . .      SeeInvis .   h - +1 whip "Sinic" {pain, rF+ rC++}
rCold   + + .      Faith    +   (no shield)
rNeg    . . .      Spirit   .   (armour unavailable)
rPois   .          Reflect  .   (helmet restricted)
rElec   .          Harm     .   (no cloak)
rCorr   .          Rampage  .   (no gloves)
Will    .....                   (no boots)
Stlth   ++........              e - amulet of the Bound Evening Star {Faith, Elem, Bglg} (curse)
HPRegen 0.09/turn               (no ring)
MPRegen 0.10/turn               (no ring)

@: no status effects
A: AC +5, unfitting armour, cold-blooded
a: Renounce Religion, Shatter the Chains


You were on level 3 of the Dungeon.
You worshipped Ashenzari.
Ashenzari was noncommittal.
You visited 1 branch of the dungeon, and saw 3 of its levels.

You collected 82 gold pieces.

Inventory:

Hand Weapons
 h - the +1 whip "Sinic" (weapon) {pain, rF+ rC++}
   (You found it on level 2 of the Dungeon)

   In the hands of one skilled in necromantic magic, it inflicts extra damage on
   living creatures.
   rF:        It protects you from fire.
   rC:        It greatly protects you from cold.
Jewellery
 e - the cursed amulet of the Bound Evening Star (around neck) {Faith, Elem, Bglg}
   (You found it on level 1 of the Dungeon)

   [amulet of faith]

   It allows you to gain divine favour quickly.
   It has a curse which improves the following skills: Elements: Fire Magic, Ice
   Magic, Air Magic and Earth Magic.
   Beguiling: Conjurations, Hexes and Translocations.
Scrolls
 b - 2 scrolls of amnesia
 c - a scroll of teleportation
 j - a scroll of summoning
Potions
 a - a potion of attraction
 d - a potion of heal wounds
 f - a potion of mutation {unknown}
 g - a potion of magic {unknown}
 i - a potion of curing {unknown}
 k - a potion of ambrosia {unknown}


   Skills:
 * Level 0.3 Fighting
 * Level 0.2 Maces & Flails
 * Level 1.9 Dodging
 * Level 2.0 Stealth
 * Level 2.5 Spellcasting
 * Level 1.3(1.6) Conjurations
 * Level 4.0(4.4) Fire Magic


You had one spell level left.
You knew the following spells:

 Your Spells              Type           Power      Damage    Failure   Level
a - Foxfire               Conj/Fire      44%        2x1d6     6%          1
b - Scorch                Fire           30%        2d7       4%          2
c - Inner Flame           Hex/Fire       8%         N/A       26%         3

Your spell library contained the following spells:

 Spells                   Type           Power      Damage    Failure   Level
 Conjure Flame            Conj/Fire      11%        6-21      19%         3
 Flame Wave               Conj/Fire      11%        2d5       52%         4


Dungeon Overview and Level Annotations

Branches:
Dungeon (3/15)

Altars:
Ashenzari


Innate Abilities, Weirdness & Mutations

Your plain brown scales are hard. (AC +5)
You cannot fit into any form of body armour.
You are cold-blooded and may be slowed by cold attacks.


Message History

The black bear is moderately wounded.
The black bear barely misses you.
The black bear claws you but does no damage.
The black bear closely misses you.
Casting: Scorch (safe; 4% risk of failure)
Press: ? - help, Q - select action, (/) - cycle Dir - look around, f - activate Flames lash the black bear.
The black bear is burned terribly!
The black bear is heavily wounded.
The black bear bites you.
The black bear claws you but does no damage.
The black bear closely misses you.
You hit the black bear. You tail-slap the black bear.
The black bear is severely wounded.
The black bear barely misses you. The black bear misses you.
The black bear claws you.
You barely miss the black bear.
The black bear is severely wounded.
The black bear bites you but does no damage.
The black bear claws you.
The black bear claws you but does no damage.
You hit the black bear but do no damage.
The black bear is severely wounded.
The black bear closely misses you. x2; The black bear claws you.
You closely miss the black bear.
The black bear is severely wounded.
The black bear closely misses you. The black bear claws you.
The black bear barely misses you.
You hit the black bear.
The black bear is severely wounded.
The black bear goes berserk!
You hit the black bear.
The black bear is almost dead.
The black bear bites you!
* * * LOW HITPOINT WARNING * * *
The black bear claws you.
* * * LOW HITPOINT WARNING * * *
The black bear misses you.
The black bear bites you but does no damage.
The black bear claws you.
You die...

#############
...>....h@..#
###########.#
#.# #.# #.#
#.# #)# #.#
#.#


You could see a black bear (berserk, combustible).

Vanquished Creatures
  Jessica (D:2)
  An adder (D:2)
  A dart slug (D:2)
  An endoplasm (D:2)
  2 giant cockroaches
  4 goblins
  5 hobgoblins
  2 quokkas
  3 ball pythons (D:2)
  4 bats
  A frilled lizard (D:1)
  2 kobolds
  A rat (D:1)
28 creatures vanquished.

Vanquished Creatures (others)
  19 foxfires
19 creatures vanquished.

Grand Total: 47 creatures vanquished

Notes
Turn   | Place    | Note
-------+----------+-------------------------------------------
     0 | D:1      | Warren the Draconian Fire Elementalist began the quest for
                  | the Orb.
     0 | D:1      | Reached XP level 1. HP: 14/14 MP: 3/3
   639 | D:2      | Reached XP level 2. HP: 20/20 MP: 1/5
   673 | D:2      | Learned a level 2 spell: Scorch
   830 | D:2      | Found a broken altar of Ashenzari.
   848 | D:2      | Became a worshipper of Ashenzari the Shackled
   859 | D:2      | Identified the +1 whip "Sinic" {pain, rF+ rC++}
   879 | D:2      | Noticed Jessica
   884 | D:2      | Killed Jessica
   885 | D:2      | Reached XP level 3. HP: 25/26 MP: 0/6
   938 | D:2      | Reached skill level 4 in Fire Magic
  1273 | D:2      | Found a faded altar of an unknown god.
  1849 | D:3      | Learned a level 3 spell: Inner Flame
  1875 | D:3      | Noticed a black bear
  1891 | D:3      | Slain by a black bear

Illustrated notes

Levels and vault maps discovered:
D:1:      saegor_arrival_simple_a, layout_loops_ring
D:2:      layout_basic, hellmonk_ecumenical_altar_inner_sanctum, basic_altar,
          uniq_jessica
D:3:      layout_loops_ring, kennysheep_generic_room_3

Skill      XL: |  1  2  3 |
---------------+----------+-----
Stealth        | 2 |  2.0
Fire Magic     | 4 |  4.0
Fighting       | |  0.3
Maces & Flails | |  0.2
Dodging        | |  1.9
Spellcasting   | |  2.5
Conjurations   | |  1.3

Action                   || total
-------------------------++-------
Melee: Unarmed           ||     1
       Whip              ||    17
       Tailslap          ||     3
 Cast: Foxfire           ||    14
       Scorch            ||    20
Invok: Curse Item        ||     1
  Use: Scroll            ||     6
 Stab: Sleeping          ||     2
Armor: Skin              ||    14
Dodge: Dodged            ||    37
